 Dungeon Crawl Stone Soup version 0.24-a0-217-g1152973720 (webtiles) character file.

Game seed: 17835624424411974904

55125 Orphidia the Jinx (level 14, -2/93 HPs)
             Began as a Red Draconian Enchanter on Mar 30, 2019.
             Was the Champion of Dithmenos.
             Slain by a death yak (27 damage)
             ... on level 6 of the Lair of Beasts.
             The game lasted 01:05:18 (21637 turns).

Orphidia the Jinx (Red Draconian Enchanter)        Turns: 21637, Time: 01:05:19

Health: -2/93      AC: 11    Str: 16    XL:     14   Next: 37%
Magic:  23/28      EV: 25    Int: 15    God:    Dithmenos [******]
Gold:   368        SH:  6    Dex: 22    Spells: 12/33 levels left

rFire    + . .     SeeInvis .   a - +6 rapier (speed)
rCold    . . .     Gourm    .   E - +0 buckler
rNeg     . . .     Faith    +   (armour unavailable)
rPois    +         Spirit   .   (helmet restricted)
rElec    .         Reflect  .   h - +0 cloak
rCorr    .         Harm     .   q - +1 pair of gloves
MR       +....                  (no boots)
Stlth    ++++++++++             d - amulet of faith
HPRegen  0.25/turn              s - ring of wizardry
MPRegen  0.21/turn              W - ring of poison resistance

@: mighty, agile, about to teleport, very slightly contaminated, wreathed by
umbra
A: breathe fire, unfitting armour, fire resistance 1, cold-blooded, AC +8
a: Breathe Fire, Shadow Step, Shadow Form, Renounce Religion


You were on level 6 of the Lair of Beasts.
You worshipped Dithmenos.
Dithmenos was exalted by your worship.
You were hungry.

You visited 3 branches of the dungeon, and saw 18 of its levels.

You collected 1085 gold pieces.
You spent 717 gold pieces at shops.


Innate Abilities, Weirdness & Mutations

You can breathe blasts of fire.
Your fiery red scales are hard. (AC +8)
You cannot fit into any form of body armour.
Your flesh is heat resistant. (rF+)
You are cold-blooded and may be slowed by cold attacks.


   Skills:
 - Level 10.0 Short Blades
 - Level 9.0 Dodging
 - Level 10.0 Stealth
 - Level 4.0 Shields
 - Level 10.1 Spellcasting
 - Level 14.0 Hexes
 + Level 4.1 Invocations


You had 12 spell levels left.
You knew the following spells:

 Your Spells              Type           Power        Failure   Level  Hunger
a - Apportation           Tloc           #.....       4%          1    None
i - Invisibility          Hex            #####...     1%          6    ######.
A - Corona                Hex            #####..      1%          1    None
B - Ensorcelled Hibernat  Hex/Ice        ####..       1%          2    None
C - Confuse               Hex            #####...     1%          3    None
D - Tukima's Dance        Hex            #####...     1%          3    None
E - Lesser Beckoning      Tloc           #.........   12%         3    None
F - Passwall              Tmut/Erth      #.......     6%          2    None

Your spell library contained the following spells:

 Spells                   Type           Power        Failure   Level  Hunger
 Confusing Touch          Hex            #####.       1%          1    None
 Dazzling Spray           Conj/Hex       ####..       1%          3    None
 Animate Skeleton         Necr           N/A          4%          1    None
 Sandblast                Erth           #.....       4%          1    None
 Summon Butterflies       Summ           #.......     4%          1    None
 Summon Small Mammal      Summ           #...         4%          1    None
 Ignite Poison            Fire/Tmut/Pois #.......     12%         3    None
 Stone Arrow              Conj/Erth      #.....       12%         3    None
 Petrify                  Tmut/Erth      #.......     34%         4    ###....
 Alistair's Intoxication  Tmut/Pois      #.......     69%         5    #####..
 Fireball                 Conj/Fire      #.........   69%         5    #####..
 Lee's Rapid Deconstruct  Erth           #.........   69%         5    #####..
 Bolt of Fire             Conj/Fire      #.........   99%         6    ######.
 Ring of Flames           Chrm/Fire      #.........   100%        7    #######
 Ignition                 Fire           #.........   100%        8    #######

Action                   |  1- 3 |  4- 6 |  7- 9 | 10-12 | 13-15 || total
-------------------------+-------+-------+-------+-------+-------++-------
Melee: Dagger            |   132 |   139 |     8 |       |       ||   279
       Tailslap          |    12 |    22 |    24 |    59 |    50 ||   167
       Rapier            |       |    12 |   252 |   564 |   354 ||  1182
 Cast: Corona            |     4 |     3 |     4 |    17 |     7 ||    35
       Ensorcelled Hiber |     9 |    29 |    39 |   141 |    82 ||   300
       Confuse           |       |     7 |    15 |    55 |    16 ||    93
       Invisibility      |       |       |       |       |    11 ||    11
       Passwall          |       |       |       |       |     1 ||     1
       Apportation       |       |       |       |       |     4 ||     4
 Abil: Breathe Fire      |       |       |     1 |    14 |     1 ||    16
Evoke: Wand              |       |       |     1 |     5 |       ||     6
  Use: Scroll            |     5 |    10 |     5 |     6 |     4 ||    30
       Potion            |       |       |       |     2 |     2 ||     4
 Stab: Sleeping          |    15 |    17 |    36 |   112 |    61 ||   241
       Confused          |       |     1 |     6 |    33 |     8 ||    48
       Paralysed         |       |       |     2 |     1 |       ||     3
       Distracted        |       |       |     1 |     2 |       ||     3
       Invisible         |       |       |       |       |    58 ||    58
  Eat: Chunk             |     4 |    11 |     6 |    23 |     9 ||    53
       Ration            |       |     1 |     3 |     2 |     4 ||    10
Armor: Skin              |    30 |    37 |    35 |    62 |    34 ||   198
Dodge: Dodged            |    86 |    83 |   104 |   283 |   172 ||   728
Block: Buckler           |       |       |       |    65 |    51 ||   116

Inventory:

Hand Weapons
 a - a +6 rapier of speed (weapon)
Missiles
 D - 4 throwing nets (quivered)
Armour
 h - a +0 cloak (worn)
 q - a +1 pair of gloves (worn)
 E - a +0 buckler (worn)
Jewellery
 d - an amulet of faith (around neck)
 n - a +2 ring of evasion
 s - a ring of wizardry (left hand)
 y - an uncursed ring of protection from fire
 z - an uncursed ring of protection from magic
 G - an uncursed amulet of the gourmand {unknown}
 H - an uncursed ring of resist corrosion
 I - the ring of Ucsic {rPois rC+ rN++ Dex-3 Stlth-}
   (You found it on level 9 of the Dungeon)

   [ring of attention]

   It affects your dexterity (-3).
   It protects you from cold.
   It protects you from poison.
   It greatly protects you from negative energy.
   It makes you less stealthy.
 J - an uncursed ring of protection from cold
 W - a ring of poison resistance (right hand)
Wands
 j - a wand of paralysis (8)
 v - a wand of acid (6)
 C - a wand of disintegration (13)
 P - a wand of iceblast (11)
Scrolls
 g - 2 scrolls of immolation
 k - a scroll of amnesia
 l - 5 scrolls of fear
 m - 6 scrolls of remove curse
 o - 7 scrolls of teleportation
 r - 2 scrolls of fog
 w - a scroll of magic mapping {unknown}
 A - 3 scrolls of identify
 B - 2 scrolls of blinking
 M - a scroll of vulnerability
 O - a scroll of enchant armour {unknown}
 S - a scroll of summoning {unknown}
 T - a scroll of random uselessness {unknown}
Potions
 b - 3 potions of flight
 e - 3 potions of heal wounds
 f - 3 potions of might
 i - 4 potions of agility
 p - 3 potions of brilliance
 t - 6 potions of curing
 u - 5 potions of lignification
 x - a potion of magic
 F - 2 potions of resistance
 K - a potion of cancellation
 L - 2 potions of haste
 N - 2 potions of mutation
 Q - a potion of berserk rage
 U - a potion of invisibility
Miscellaneous
 V - a fan of gales
Comestibles
 c - 26 rations
 R - 6 chunks of flesh {@w1}

#..# #.Y. #.P. #..#
#..P ##..#.÷..
÷.##... #...#÷...
...#.... #P.Y#...#
#.8.#....
#.P.#...###....#....
#..P#....#..8.##.÷..
#.@##YY...÷..#....#
##Y.#§§§...###...##
##°#§§§.###....♣#
##Y.§Y§##......#
#..P§§##...P..##
#...§§......###
##...######## #.###
###


You could see 2 death yaks and 2 elephants.

Vanquished Creatures
  Rupert (Lair:3)
  Snorg (Lair:3)
  Josephine (D:11)
  7 hydras
  Harold (D:7)
  A catoblepas (Lair:6)
  A two-headed ogre (D:9)
  A deep troll shaman (Lair:6)
  8 death yaks
  Urug (Lair:6)
  Sonja (D:10)
  An unseen horror (D:10)
  Pikel (D:7)
  A necromancer (D:10)
  An ugly thing (D:11)
  3 black mambas
  13 elephants
  Maurice (D:11)
  8 spiny frogs
  3 rime drakes
  3 centaur skeletons (D:11)
  5 komodo dragons
  2 polar bears
  A jumping spider (Lair:4)
  2 trolls (D:10)
  2 hornets (D:8)
  22 blink frogs
  2 slime creatures (Lair:5)
  A bog body (Lair:3)
  7 dream sheep (Lair:6)
  7 hippogriffs
  A vampire (D:11)
  7 wraiths
  A shadow (D:11)
  2 basilisks (Lair:6)
  2 redbacks (Lair:4)
  20 yaks
  A wyvern (D:11)
  2 hungry ghosts
  4 vampire mosquitoes (D:9)
  A swamp worm (Lair:3)
  A soldier ant (D:8)
  An acid dragon (D:7)
  14 water moccasins
  10 porcupines
  8 orc warriors
  A slave (D:7)
  2 ice beasts
  4 sky beasts
  3 phantoms
  18 wolves
  4 black bears
  A necrophage (D:11)
  2 ogres
  3 centaurs
  12 crocodiles
  11 bullfrogs
  5 scorpions
  A wyvern skeleton (D:11)
  10 wights
  An electric eel (Lair:3)
  9 howler monkeys
  9 crimson imps
  5 centaur zombies
  A bullfrog zombie (D:8)
  6 hounds
  A gnoll shaman (D:8)
  8 orc priests
  4 jellies
  11 orc wizards
  2 bullfrog skeletons
  Terence (D:2)
  4 iguanas
  4 polar bear simulacra (D:10)
  6 worker ants
  4 yak simulacra (D:10)
  2 wolf simulacra (D:10)
  A hound zombie (D:8)
  A hound skeleton (D:6)
  A howler monkey zombie (D:8)
  2 worker ant zombies (D:11)
  4 gnolls (D:8)
  14 adders
  2 shadow imps
  A white imp (D:7)
  2 oozes (D:1)
  2 adder skeletons
  An adder zombie (D:5)
  3 worms
  2 dart slugs
  5 leopard geckos
  48 orcs
  A ball python (D:2)
  8 giant cockroaches
  2 gnoll zombies (D:6)
  5 goblins
  10 hobgoblins
  13 jackals
  4 quokkas
  12 bats
  6 frilled lizards
  A goblin skeleton (D:7)
  A goblin zombie (D:7)
  5 hobgoblin zombies (D:7)
  12 kobolds
  A kobold skeleton (D:7)
  A kobold zombie (D:7)
  A leopard gecko zombie (D:5)
  An orc skeleton (D:7)
  9 rats
  A river rat simulacrum (D:10)
  2 plants
525 creatures vanquished.

Vanquished Creatures (others)
  17 bushes (Lair:6)
  24 fungi
  16 plants
  4 withered plants (D:11)
61 creatures vanquished.

Grand Total: 586 creatures vanquished

Levels and vault maps discovered:
D:1:      onia_arrival_mini_spirals, layout_basic
D:2:      layout_loops_ring, minivault_14, minmay_tetromino_s2, uniq_terence
D:3:      layout_loops_ring, grunt_qazlal_clouds, first_ration,
          chequers_serial_rivers_micro_a
D:4:      layout_basic, minmay_overflow_temple_star_quad
D:5:      layout_loops_corners, grunt_temple_overflow_lords_of_destruction,
          minmay_temple_entry_mist, kennysheep_generic_room_7
D:6:      layout_basic, lemuel_zombie_altar_yredelemnul,
          nicolae_overflow_hidden_temple, serial_shops, kennysheep_mini_moat,
          nicolae_shop_behind_doors, shop, nicolae_shop_window_shopping,
          nicolae_shop_stone, nicolae_ru_great_annihilating_truth
D:7:      layout_loops_cross, lemuel_doored_altar, nicolae_tso_besieged_by_evil,
          lightli_minifort, uniq_harold, uniq_pikel
D:8:      layout_cave_pods, hangedman_pestilent_swarm, minmay_liquid_box,
          minmay_guarded_unrand_finisher
D:9:      layout_loops_ring, lemuel_round_altar, lemuel_crystal_altar,
          elyvilon_altar_3
D:10:     layout_loops_ring, basic_altar, ebering_ghost_rock_garden,
          serial_shops, nicolae_shop_behind_doors, minmay_statues_item,
          eino_house_with_fridge, uniq_sonja
D:11:     layout_cave_pools, lair_entry_dummy, serial_undead, serial_undead_b,
          serial_undead_c, serial_undead_f, serial_undead_d, serial_shops,
          kennysheep_little_box, muffindrake_ghost_dual_entry,
          kennysheep_potato, uniq_maurice, uniq_josephine, uniq_grum
Temple:   pf_slime_end_temple
Lair:1:   layout_cave_pods, beast_lair_carwin_2
Lair:2:   layout_gridlike, st_stairs_3
Lair:3:   layout_cave_pods, nicolae_swamp_entry_splash_gauntlet, uniq_rupert,
          uniq_snorg
Lair:4:   layout_cave_pods, spider_nest_entry_a, grunt_megastairs_5
Lair:5:   layout_regular_city, minmay_slime_entry_pillars, lemuel_fruit_tree
Lair:6:   grunt_lair_end_beastmaster, layout_misc_corridors, grunt_megastairs_3,
          minmay_lair_oklob_chamber, uniq_urug


Message History

Evoke which item? (* to show all) (? for menu, Esc to quit)
Okay, then.
An elephant comes into view.
You barely miss the death yak.
You are feeling hungry.
The elephant trumpets!
You puncture the death yak!
The death yak is lightly wounded.
Your shadow hits the death yak with a rapier.
You hear a trumpeting!
The death yak is engulfed in blazing flames.
The death yak gores you!!
* * * LOW HITPOINT WARNING * * *
As you read the scroll of teleportation, it crumbles to dust.
You feel strangely unstable.
The death yak is engulfed in blazing flames.
You have got your breath back.
An elephant comes into view.
The death yak gores you!!
You die...

Notes
Turn   | Place    | Note
-------+----------+-------------------------------------------
     0 | D:1      | Orphidia the Draconian Enchanter began the quest for the
                  | Orb.
     0 | D:1      | Reached XP level 1. HP: 14/14 MP: 3/3
   489 | D:1      | Reached skill level 3 in Hexes
   546 | D:1      | Reached XP level 2. HP: 15/20 MP: 5/5
   628 | D:1      | Learned a level 2 spell: Ensorcelled Hibernation
  1088 | D:1      | Reached XP level 3. HP: 25/26 MP: 6/6
  1713 | D:2      | Learned a level 3 spell: Confuse
  1869 | D:2      | Reached XP level 4. HP: 33/33 MP: 0/7
  2044 | D:2      | Noticed Terence
  2060 | D:2      | Killed Terence
  2060 | D:2      | Reached skill level 4 in Hexes
  2604 | D:3      | Noticed a sky beast
  2624 | D:3      | Reached XP level 5. HP: 38/38 MP: 6/8
  2631 | D:3      | Killed a sky beast
  2772 | D:3      | Found a stormy altar of Qazlal.
  3168 | D:3      | Reached XP level 6. HP: 45/45 MP: 2/9
  3707 | D:4      | Reached skill level 5 in Hexes
  4970 | D:5      | Entered Level 5 of the Dungeon
  4971 | D:5      | Found a staircase to the Ecumenical Temple.
  4987 | D:5      | Your scales start taking on a fiery red colour.
  4987 | D:5      | Reached XP level 7. HP: 50/50 MP: 10/10
  4987 | D:5      | Gained mutation: Your flesh is heat resistant. (rF+) [Red
                  | Draconian growth]
  5009 | Temple   | Entered the Ecumenical Temple
  5107 | Temple   | Became a worshipper of Dithmenos the Shadowed
  5170 | D:5      | Found a radiant altar of Vehumet.
  5171 | D:5      | Found a burning altar of Makhleb.
  5314 | D:5      | Learned a level 3 spell: Tukima's Dance
  5460 | D:5      | Reached skill level 6 in Hexes
  5553 | D:5      | Reached skill level 5 in Stealth
  5908 | D:5      | Reached XP level 8. HP: 27/57 MP: 6/11
  6083 | D:5      | Reached * piety under Dithmenos
  6410 | D:6      | Found Ywecu's Magic Scroll Shop.
  6415 | D:6      | Bought a scroll of blinking for 90 gold pieces
  6452 | D:6      | Reached skill level 5 in Short Blades
  6503 | D:6      | Found Pear's Assorted Antiques.
  6531 | D:6      | Bought a scroll labeled XEVVAG HOTSEGRUWK for 27 gold
                  | pieces
  6676 | D:6      | Found a sacrificial altar of Ru.
  6785 | D:6      | Found Vaosch's Book Shoppe.
  6860 | D:6      | Found Mosehy's Food Shoppe.
  6865 | D:6      | Found Voruse's Food Shop.
  7033 | D:6      | Reached ** piety under Dithmenos
  7042 | D:6      | Found a basalt altar of Yredelemnul.
  7060 | D:6      | Found a shimmering altar of Xom.
  7123 | D:7      | Noticed Harold
  7139 | D:7      | Killed Harold
  7139 | D:7      | Reached XP level 9. HP: 62/62 MP: 9/12
  7591 | D:7      | Found an opulent altar of Gozag.
  7616 | D:7      | Found a glowing golden altar of the Shining One.
  7839 | D:7      | Noticed Pikel
  7969 | D:7      | Killed Pikel
  8294 | D:8      | Reached skill level 10 in Stealth
  8302 | D:8      | Reached *** piety under Dithmenos
  8416 | D:8      | Found the +5 scythe "Finisher" {speed, eviscerate}
  8418 | D:8      | Reached skill level 5 in Spellcasting
  8640 | D:8      | Reached XP level 10. HP: 63/69 MP: 13/18
  9452 | D:9      | Found a sparkling altar of Nemelex Xobeh.
  9506 | D:9      | Found a white marble altar of Elyvilon.
  9517 | D:9      | Reached skill level 1 in Shields
  9573 | D:9      | Reached **** piety under Dithmenos
  9654 | D:9      | Noticed a two-headed ogre
  9798 | D:9      | Reached skill level 7 in Hexes
 10090 | D:9      | Got a pitted amber ring
 10092 | D:9      | Identified the ring of Ucsic {rPois rC+ rN++ Dex-3 Stlth-}
                  | (You found it on level 9 of the Dungeon)
 10441 | D:9      | Found an ornate altar of the Wu Jian Council.
 10607 | D:9      | Killed a two-headed ogre
 10607 | D:9      | Reached XP level 11. HP: 74/74 MP: 17/20
 10616 | D:10     | Entered Level 10 of the Dungeon
 10691 | D:10     | Reached skill level 8 in Hexes
 10717 | D:10     | Reached ***** piety under Dithmenos
 10734 | D:10     | Found Abiserch's Distillery.
 11041 | D:10     | Killed an unseen horror
 11138 | D:10     | Noticed Sonja
 11210 | D:10     | Killed Sonja
 11270 | D:10     | Found a radiant altar of Vehumet.
 11328 | D:10     | Noticed a necromancer
 11351 | D:10     | Killed a necromancer
 11351 | D:10     | Reached skill level 10 in Short Blades
 11351 | D:10     | Reached skill level 9 in Hexes
 11800 | D:10     | Found a runed translucent gate.
 11800 | D:10     | Found a runed translucent gate.
 11804 | D:10     | Noticed Wolly's ghost (journeyman TrMo)
 11805 | D:10     | Found a runed translucent gate.
 12178 | D:11     | Found a staircase to the Lair.
 12259 | D:11     | Noticed a purple ugly thing
 12269 | D:11     | Killed a purple ugly thing
 12294 | D:11     | Noticed Josephine
 12368 | D:11     | Reached skill level 5 in Dodging
 12584 | D:11     | Noticed a skeletal warrior
 12856 | D:11     | Reached ****** piety under Dithmenos
 12916 | D:11     | Killed Josephine
 12916 | D:11     | Reached XP level 12. HP: 44/81 MP: 15/21
 13064 | D:6      | Bought a book of Party Tricks for 600 gold pieces
 13071 | D:6      | Learned a level 6 spell: Invisibility
 13073 | D:6      | Learned a level 1 spell: Apportation
 13077 | D:6      | Learned a level 3 spell: Lesser Beckoning
 13167 | D:11     | Noticed a death knight
 13215 | D:11     | Noticed Maurice
 13359 | D:11     | Noticed Grum
 13507 | D:11     | Killed Maurice
 13510 | Lair:1   | Entered Level 1 of the Lair of Beasts
 14787 | Lair:2   | Reached skill level 10 in Hexes
 15201 | Lair:3   | Noticed Snorg
 15382 | Lair:3   | Killed Snorg
 15658 | Lair:3   | Reached skill level 11 in Hexes
 15662 | Lair:3   | Noticed Rupert
 16051 | Lair:3   | Paralysed by Rupert for 6 turns
 16068 | Lair:3   | Killed Rupert
 16068 | Lair:3   | Reached skill level 12 in Hexes
 16068 | Lair:3   | Reached XP level 13. HP: 49/86 MP: 22/22
 16495 | Lair:3   | Learned a level 2 spell: Passwall
 16870 | Lair:3   | Found a staircase to the Swamp.
 17034 | Lair:4   | Found a hole to the Spider Nest.
 17333 | Lair:4   | Reached skill level 13 in Hexes
 18765 | Lair:5   | Found a staircase to the Slime Pits.
 18868 | Lair:5   | Reached skill level 14 in Hexes
 19565 | Lair:6   | Entered Level 6 of the Lair of Beasts
 19565 | Lair:6   | Noticed Urug
 19573 | Lair:6   | Killed Urug
 20260 | Lair:5   | Reached XP level 14. HP: 87/93 MP: 20/26
 21320 | Lair:6   | Reached skill level 10 in Spellcasting
 21355 | Lair:6   | Reached skill level 1 in Invocations
 21637 | Lair:6   | Slain by a death yak
